Map: Crimson Court LE

Players

jeannysu - Winner!

  • Race: Zerg Zerg
  • Spawn Location: 7:00

인공지능 칸 (정예)

  • Race: Protoss Protoss
  • Spawn Location: 1:00

VOD

Have the link to the VOD?

Description

Time

  • Played on: Sept. 29, 2025, 8:09 a.m.
  • Length: 12:29
Show
View Real Time Build Order
Export as new Build Order

jeannysu Zerg - Winner!

Build Orders: Hatch First 

Get SALT Encoding   

  12  0:01  Drone  
  13  0:08  Drone  
  13  0:13  Extractor  
  13  0:15  Drone  
  15  0:22  Overlord  
  15  0:44  Hatchery  
  15  0:46  Drone  
  15  0:50  Drone  
  15  0:55  Drone  
  17  1:00  Drone  
  18  1:04  Extractor  
  17  1:15  Spawning Pool  
  16  1:18  Drone  
  16  1:21  Drone  
  18  1:30  Drone  
  19  1:43  Drone  
  20  2:03  Queen x2  
  20  2:05  Zergling x6  
  20  2:07  Drone  
  28  2:14  Metabolic Boost  
  28  2:17  Overlord  
  28  2:23  Drone, Extractor  
  29  2:35  Drone x2  
  31  2:37  Drone  
  31  2:42  Queen  
  34  2:45  Overlord  
  34  2:48  Drone  
  35  3:06  Hatchery  
  35  3:07  Drone  
  35  3:08  Drone  
  35  3:10  Drone  
  37  3:13  Drone  
  37  3:15  Drone  
  39  3:22  Drone  
  39  3:23  Overlord  
  39  3:25  Drone  
  42  3:27  Drone  
  42  3:34  Queen  
  42  3:38  Overlord  
  44  3:59  Drone x8  
  44  4:02  Overlord  
  52  4:03  Drone x2  
  54  4:11  Queen  
  56  4:19  Drone  
  56  4:23  Drone x2  
  59  4:25  Queen  
  59  4:29  Drone x2  
  63  4:42  Drone x3  
  63  4:43  Drone x2  
  63  4:45  Overlord x2  
  68  4:55  Roach Warren  
  68  4:57  Evolution Chamber  
  66  5:01  Drone x4, Extractor, Queen  
  66  5:02  Drone x2, Extractor  
  66  5:06  Extractor  
  71  5:07  Lair  
  71  5:11  Drone x2  
  73  5:15  Extractor x2  
  71  5:29  Drone x2  
  71  5:31  Drone  
  74  5:38  Roach x8  
  90  5:44  Hatchery  
  89  6:00  Overlord x3  
  89  6:28  Hydralisk Den  
  89  6:30  Infestation Pit  
  89  6:31  Zerg Ground Armor Level 1  
  87  6:35  Evolution Chamber  
  87  6:36  Drone  
  87  6:37  Drone x11  
  98  6:44  Roach  
  100  7:05  Zerg Missile Weapons Level 1  
  100  7:07  Roach  
  100  7:08  Roach x5  
  112  7:10  Overlord x4  
  112  7:11  Overseer, Overlord  
  112  7:12  Overseer x2  
  112  7:28  Queen  
  114  7:30  Ravager x4  
  114  7:32  Glial Reconstitution  
  118  7:37  Hive  
  118  7:38  Infestor, Muscular Augments  
  118  7:39  Infestor x2  
  124  7:54  Hatchery  
  123  8:01  Zergling x2  
  123  8:02  Zergling x26  
  137  8:07  Baneling Nest  
  137  8:10  Drone x5  
  137  8:11  Drone  
  142  8:22  Unknown  
  142  8:25  Overseer x3  
  138  8:33  Zergling x2  
  138  8:34  Zergling x18  
  148  8:42  Grooved Spines  
  148  8:45  Hydralisk  
  148  8:46  Hydralisk  
  151  8:51  Centrifugal Hooks  
  151  8:52  Lurker Den  
  151  8:54  Zergling x4  
  152  8:59  Baneling  
  152  9:00  Baneling x10  
  152  9:01  Overlord x5  
  152  9:02  Overlord  
  152  9:11  Drone x3  
  152  9:12  Drone x3  
  158  9:20  Zerg Ground Armor Level 2, Zerg Missile Weapons Level 2  
  158  9:23  Adrenal Glands  
  158  9:27  Drone x3, Ravager  
  158  9:28  Ravager x2  
  158  9:29  Ravager x3  
  158  9:31  Zergling x22  
  177  9:49  Roach  
  177  9:50  Roach x10  
  158  10:15  Roach  
  158  10:16  Roach x18  
  183  10:26  Zergling x2  
  183  10:27  Zergling x16  
  186  10:41  Roach x8  
  194  10:54  Seismic Spines  
  194  11:09  Zergling x2  
  194  11:10  Zergling x10  
  197  11:52  Zergling x4  
Show
View Real Time Build Order
Export as new Build Order

인공지능 칸 (정예) Protoss 

Build Orders: 1 Gate Expand, Archon Immortal, Colossus Rush 

Get SALT Encoding   

  12  0:00  Probe  
  13  0:13  Probe  
  14  0:20  Pylon  
  14  0:25  Probe  
  15  0:34  Probe  
  15  0:42  Probe  
  16  0:47  Assimilator  
  17  0:50  Gateway  
  17  0:52  Probe  
  18  0:58  Pylon  
  18  1:00  Probe  
  18  1:08  Probe  
  20  1:18  Probe  
  21  1:30  Probe  
  22  1:36  Nexus  
  22  1:42  Probe  
  22  1:45  Zealot  
  25  1:57  Cybernetics Core, Probe  
  26  2:05  Probe  
  26  2:13  Probe  
  28  2:24  Warp Gate, Pylon  
  28  2:25  Probe  
  28  2:27  Stalker  
  30  2:37  Probe  
  30  2:38  Gateway  
  30  2:42  Assimilator  
  31  2:49  Probe  
  31  2:51  Adept  
  34  3:01  Probe  
  34  3:02  Pylon, Probe  
  36  3:13  Probe  
  36  3:14  Probe  
  38  3:21  Adept  
  38  3:22  Robotics Facility  
  38  3:26  Adept  
  42  3:28  Probe  
  42  3:30  Probe  
  44  3:40  Probe  
  45  3:41  Adept  
  45  3:43  Probe  
  45  3:53  Probe  
  45  3:55  Probe, Adept  
  51  4:04  Probe  
  51  4:07  Probe  
  53  4:12  Probe  
  53  4:14  Robotics Bay  
  53  4:15  Pylon  
  54  4:17  Observer  
  54  4:19  Probe, Adept  
  54  4:20  Probe  
  59  4:25  Robotics Facility  
  59  4:31  Pylon, Probe  
  60  4:33  Stalker  
  60  4:35  Probe  
  62  4:39  Stalker  
  62  4:43  Pylon, Probe  
  65  4:47  Probe  
  66  5:03  Colossus  
  66  5:06  Gateway  
  66  5:13  Pylon  
  72  5:15  Zealot  
  72  5:18  Zealot  
  76  5:31  Pylon  
  76  5:35  Zealot  
  78  5:38  Zealot  
  80  5:44  Probe x2  
  80  5:46  Assimilator  
  82  5:50  Twilight Council  
  82  5:54  Forge, Nexus  
  82  5:55  Sentry, Assimilator  
  84  6:02  Stalker  
  86  6:08  Probe x2  
  88  6:13  Pylon, Zealot x2  
  92  6:20  Probe  
  92  6:21  Probe  
  92  6:25  Zealot  
  96  6:30  Zealot  
  96  6:31  Pylon  
  98  6:35  Pylon  
  98  6:52  Templar Archives  
  98  6:53  Forge  
  98  7:00  Stalker  
  100  7:05  Stalker  
  100  7:07  Probe x2  
  100  7:08  Probe, Photon Cannon  
  105  7:10  Zealot  
  105  7:13  Protoss Ground Weapons Level 1  
  107  7:17  Stalker  
  107  7:19  Probe, Assimilator  
  107  7:20  Probe x2  
  107  7:21  Assimilator  
  112  7:27  Sentry  
  114  7:30  Stalker  
  114  7:31  Protoss Ground Armor Level 1, Probe  
  114  7:32  Probe x2  
  114  7:35  High Templar  
  121  7:40  Pylon  
  121  7:43  Probe, Stalker  
  124  7:44  Probe, Photon Cannon  
  124  7:45  Probe  
  126  7:53  High Templar  
  126  7:55  Probe  
  126  7:57  Probe  
  131  7:58  Probe  
  131  7:59  Immortal  
  131  8:00  Pylon  
  131  8:05  Immortal, Zealot  
  141  8:08  Probe, Stalker  
  141  8:09  Probe  
  141  8:10  Probe  
  146  8:12  Archon  
  146  8:19  Stalker  
  148  8:20  Probe  
  148  8:22  Pylon  
  148  8:25  High Templar  
  151  8:30  Stalker  
  153  8:39  Immortal, High Templar  
  153  8:41  Photon Cannon  
  153  8:47  High Templar  
  155  8:48  Pylon  
  155  8:49  Pylon  
  155  8:51  Gateway  
  155  8:57  Nexus  
  155  8:58  High Templar  
  157  9:08  Photon Cannon  
  157  9:10  Pylon, Warp Prism  
  157  9:11  Sentry  
  157  9:13  Immortal  
  157  9:15  Archon  
  157  9:16  Photon Cannon  
  163  9:19  High Templar  
  167  9:27  Stalker  
  167  9:31  High Templar  
  171  9:35  Pylon  
  171  9:40  Photon Cannon  
  171  9:44  Observer  
  171  9:51  Archon, High Templar  
  171  9:52  Observer  
  175  9:54  Immortal  
  175  9:56  Zealot  
  165  10:00  Zealot, Warp Prism  
  165  10:02  Pylon  
  165  10:03  Zealot  
  133  10:08  Photon Cannon  
  133  10:10  Photon Cannon  
  133  10:14  Stalker  
  115  10:20  Zealot  
  101  10:23  Zealot  
  101  10:24  Assimilator, High Templar  
  101  10:28  Pylon  
  93  10:29  Adept  
  81  10:38  Stalker  
  83  10:43  Stalker  
  83  10:49  Zealot  
  81  10:53  Zealot  
  81  10:56  High Templar  
  85  11:05  Probe  
  85  11:06  Probe, High Templar  
  85  11:07  Probe  
  85  11:10  Adept  
  81  11:13  Zealot  
  81  11:16  Probe  
  69  11:18  Probe  
  69  11:19  Probe  
  69  11:24  Probe  
  67  11:28  High Templar  
  67  11:30  Sentry  
  67  11:31  Probe  
  66  11:33  Zealot  
  66  11:37  Probe  
  66  11:38  Zealot  
  60  11:44  Nexus  
  60  11:46  Templar Archives  
  41  11:48  Stalker  
  41  11:53  Zealot  
  36  11:58  Adept  
  35  12:06  Stalker  
  35  12:16  Nexus  
  35  12:22  Pylon  
Tags
 
Add a new tag
Caveats
  • Supply blocks, unpowered buildings, or Contaminate may cause inaccurate times.
  • Supply counts are checked every 10 seconds.